 Dungeon Crawl Stone Soup version 0.27-a0-1191-g601b473118 (webtiles) character file.

Game seed: 17604239112862884948

10040 robertstho the Thaumaturge (level 11, -2/61 (68) HPs)
             Began as a Djinni Fire Elementalist on May 24, 2021.
             Was an Initiate of Gozag.
             Killed from afar by a necromancer (24 damage)
             ... with a bolt of negative energy
             ... in an ice cave.
             The game lasted 00:23:02 (14372 turns).

robertstho the Thaumaturge (DjFE)                  Turns: 14372, Time: 00:23:03

HP:   -2/61 (68)    AC:  8    Str:  7    XL:     11   Next: 85%
Gold: 395           EV: 12    Int: 20    God:    Gozag SH:  4 Dex: 14

rFire    + + .     SeeInvis +   g - +3 spear (vamp)
rCold    x . .     Faith    .   t - +0 buckler
rNeg     . . .     Spirit   .   a - +0 robe
rPois    ∞         Reflect  .   F - +2 helmet {SInv}
rElec    .         Harm     .   A - +0 cloak
rCorr    +         Rampage  .   s - +1 pair of gloves
Will     +....                  (boots unavailable)
Stlth    +++.......             G - amulet of regeneration
HPRegen  1.20/turn              J - ring of resist corrosion
MPRegen  0.00/turn              O - ring of wizardry

@: flying, heavily drained
A: sickness immunity, fire resistance 2, cold vulnerability 1, float, innate
caster, hp casting, extra vitality 1
a: Renounce Religion, Potion Petition, Call Merchant, Bribe Branch


You were in an ice cave.
You worshipped Gozag.
Gozag was aware of your devotion.
You visited 2 branches of the dungeon, and saw 12 of its levels.
You also visited: Sewer and Ice Cave.

You collected 2015 gold pieces.
You spent 1138 gold pieces at shops.
You paid 482 gold pieces to Gozag.

Inventory:

Hand Weapons
 b - a +4 short sword
 g - a +3 vampiric spear (weapon)
Missiles
 k - 3 silver boomerangs
 E - 8 curare-tipped darts
Armour
 a - a +0 robe (worn)
 s - a +1 pair of gloves (worn)
 t - a +0 buckler (worn)
 A - a +0 cloak (worn)
 F - a +2 helmet of see invisible (worn)
Jewellery
 G - an amulet of regeneration (around neck)
 J - a ring of resist corrosion (left hand)
 O - a ring of wizardry (right hand)
Wands
 q - a wand of iceblast (26)
 z - a wand of digging (9)
 L - a wand of mindburst (9)
Scrolls
 e - a scroll of enchant armour
 h - 7 scrolls of teleportation
 r - 4 scrolls of enchant weapon
 w - 4 scrolls of fog
 x - 2 scrolls of fear
 y - a scroll of holy word
 H - a scroll of torment {unknown}
 I - a scroll of brand weapon
 K - a scroll of vulnerability
 M - 2 scrolls of immolation
 Q - a scroll of magic mapping
Potions
 c - 7 potions of invisibility
 d - 3 potions of lignification
 f - a potion of resistance {unknown}
 i - 5 potions of flight {unknown}
 j - a potion of might {unknown}
 l - 2 potions of cancellation {unknown}
 m - a potion of haste {unknown}
 n - 3 potions of mutation {unknown}
 o - 2 potions of attraction
 p - 3 potions of heal wounds {unknown}
 u - a potion of ambrosia {unknown}
 v - 2 potions of berserk rage {unknown}
 C - 2 potions of brilliance {unknown}
 D - 4 potions of curing


   Skills:
 + Level 2.1 Fighting
 + Level 2.3 Polearms
 + Level 3.5 Dodging
 + Level 4.5 Stealth
 + Level 1.6 Shields
 * Level 12.6 Spellcasting


You had 5 spell levels left.
You knew the following spells:

 Your Spells              Type           Power      Damage    Failure   Level
a - Foxfire               Conj/Fire      100%       2x1d9     1%          1
b - Conjure Flame         Conj/Fire      58%        6-21      1%          3
c - Inner Flame           Hex/Fire       58%        N/A       1%          3
d - Sticky Flame          Conj/Fire      58%        2d7       1%          4
e - Fireball              Conj/Fire      29%        3d13      1%          5
f - Magic Dart            Conj           100%       1d8       1%          1
g - Blink                 Tloc           N/A        N/A       1%          2
h - Gell's Gravitas       Tloc           29%        N/A       1%          3
i - Tukima's Dance        Hex            58%        N/A       1%          3
j - Lightning Bolt        Conj/Air       29%        1d45      1%          5
Your spell library was empty.

Dungeon Overview and Level Annotations

Branches:
Dungeon (11/15)            Temple (1/1) D:4            Lair (0/6) D:8
    Orc (0/2) D:9           Sewer (visited)           IceCv (1/1)

Altars:
Ashenzari
Cheibriados
Dithmenos
Elyvilon
Fedhas
Gozag
Hepliaklqana
Kikubaaqudgha
Makhleb
Nemelex Xobeh
Okawaru
Qazlal
Ru
Sif Muna
Trog
Uskayaw
Vehumet
Wu Jian
Xom
Yredelemnul
Zin
The Shining One
Beogh

Shops:
D:7 ?   D:10 (

Annotations:
D:3 1 runed translucent door, LordOGeese's ghost, amateur PaBe


Innate Abilities, Weirdness & Mutations

You are immune to sickness and miasma.
You are immune to poison.
Your flesh is very heat resistant. (rF++)
You are vulnerable to cold. (rC-)
You float through the air rather than walking.
You learn spells naturally, not from books.
Your magical power is your life essence.
You have superior vitality. (+4 HP)


Message History

The necromancer is heavily wounded.
The necromancer is covered in liquid flames!
The necromancer burns!
The necromancer hits you with a +0 dagger.
Your shield prevents you from hitting the necromancer.
The necromancer is heavily wounded.
The necromancer burns! x2
The necromancer points at you and mumbles some strange words.
The bolt of negative energy misses you.
You hit the necromancer.
The necromancer is severely wounded.
The necromancer burns!
The necromancer completely misses you.
You hit the necromancer but do no damage.
The necromancer is severely wounded.
The necromancer burns!
The necromancer stops burning.
The necromancer misses you.
You barely miss the necromancer.
The necromancer is severely wounded.
The necromancer hits you with a +0 dagger.
Casting: Sticky Flame (safe; 1% risk of failure)
Confirm with . or Enter, or press ? or * to list all spells.
Aiming: Sticky Flame (safe; 1% risk of failure)
Press: ? - help, Shift-Dir - straight line, f/p - necromancer
Aim: a necromancer, wielding a +0 dagger and wearing a +2 leather armour of fire resistance (severely wounded, 100% to hit)
The sticky flame hits the necromancer.
The necromancer resists.
The necromancer is severely wounded.
The necromancer is covered in liquid flames!
The necromancer burns!
The necromancer closely misses you.
You hit the necromancer.
The necromancer is almost dead.
The necromancer burns!
The necromancer casts a spell at you. The bolt of negative energy hits you!!!
You feel drained.
Ouch! That really hurt!
* * * LOW HITPOINT WARNING * * *
You feel better.
The necromancer burns!
The necromancer casts a spell at you. The bolt of negative energy hits you!!
You feel drained.
You die...
Your body crumbles into a pile of gold.

######### #.#.#.#.#
##'#'#'#'#. ###
.'.......#.. ..#
##.8.8.8.#.#####.#
.......☼.#.#?[[#.##
......☼°☼'.#.$['.8#
........☼#.# #p#
##.8.8.8.#.#####@#
.'.......#.......#
##+#+#+#+#..######
.# #.##
.#########.#
.'.......'.#
############


You could see a necromancer (burning).

Vanquished Creatures
  3 ice statues (IceCv)
  6 ice devils
  A troll (D:7)
  Grinder (D:6)
  A shadow (D:10)
  A wyvern (D:9)
  5 yaks
  Sigmund (D:3)
  2 steam dragons
  An acid dragon (D:9)
  A water moccasin (D:5)
  3 ice beasts
  4 sky beasts
  2 orc warriors (D:9)
  A black bear (D:4)
  A necrophage (D:7)
  A wolf (D:7)
  3 ogres
  A phantom (D:5)
  4 centaurs
  3 kobold brigands
  4 bullfrogs
  3 scorpions
  A wyvern zombie (D:7)
  A water moccasin zombie (D:6)
  10 wights
  A howler monkey (D:6)
  4 electric eels (D:8)
  6 centaur zombies
  8 hounds
  A centaur skeleton (D:7)
  6 orc priests
  Crazy Yiuf (D:5)
  A gnoll shaman (D:9)
  A jelly (D:5)
  2 bullfrog skeletons
  Natasha (thrice) (D:3)
  4 iguanas
  7 orc wizards
  3 troll simulacra (IceCv)
  2 centaur simulacra (IceCv)
  2 hound skeletons
  2 howler monkey zombies (D:7)
  6 gnolls
  6 adders
  A naga simulacrum (IceCv)
  A shadow imp (D:5)
  2 ufetubi (D:6)
  An adder skeleton (D:4)
  4 worms
  2 dart slugs
  46 orcs
  13 endoplasms
  4 giant cockroaches
  4 goblins
  4 hobgoblins
  23 jackals
  18 kobolds
  9 quokkas
  6 ball pythons
  14 bats
  5 frilled lizards
  A goblin zombie (D:5)
  A quokka zombie (D:5)
  9 rats
299 creatures vanquished.

Vanquished Creatures (others)
  1196 foxfires
1196 creatures vanquished.

Grand Total: 1495 creatures vanquished

Notes
Turn   | Place    | Note
-------+----------+-------------------------------------------
     0 | D:1      | robertstho the Djinni Fire Elementalist began the quest for
                  | the Orb.
     0 | D:1      | Reached XP level 1. HP: 15/15 MP: 0/0
   346 | D:1      | Reached XP level 2. HP: 19/21 MP: 0/0
   576 | D:1      | Reached skill level 3 in Spellcasting
   823 | D:1      | Reached XP level 3. HP: 23/25 MP: 0/0
   823 | D:1      | Learned a level 1 spell: Magic Dart
  1782 | D:2      | Reached XP level 4. HP: 24/31 MP: 0/0
  2705 | D:2      | Reached skill level 4 in Spellcasting
  2705 | D:2      | Reached XP level 5. HP: 31/35 MP: 0/0
  2705 | D:2      | Learned a level 2 spell: Blink
  3127 | D:3      | Noticed Natasha
  3130 | D:3      | Killed Natasha
  3131 | D:3      | Noticed Natasha
  3132 | D:3      | Killed Natasha
  3182 | D:3      | Noticed Natasha
  3188 | D:3      | Killed Natasha
  3383 | D:3      | Found a bloodstained altar of Trog.
  3385 | D:3      | Found a sparkling altar of Nemelex Xobeh.
  3385 | D:3      | Found a glowing silver altar of Zin.
  3390 | D:3      | Found a burning altar of Makhleb.
  3390 | D:3      | Found a broken altar of Ashenzari.
  3390 | D:3      | Found a shimmering altar of Xom.
  3480 | D:3      | Noticed LordOGeese's ghost (amateur PaBe)
  3483 | D:3      | Found a runed translucent door.
  3494 | D:3      | Reached XP level 6. HP: 37/40 MP: 0/0
  3965 | D:3      | Noticed Sigmund
  3972 | D:3      | Killed Sigmund
  3973 | D:3      | Reached skill level 5 in Spellcasting
  3973 | D:3      | Reached XP level 7. HP: 25/45 MP: 0/0
  3973 | D:3      | Learned a level 3 spell: Gell's Gravitas
  4107 | D:3      | Found a faded altar of an unknown god.
  4527 | D:4      | Reached skill level 6 in Spellcasting
  5005 | D:4      | Found a staircase to the Ecumenical Temple.
  5038 | Temple   | Entered the Ecumenical Temple
  5170 | Temple   | Became a worshipper of Gozag Ym Sagoz the Greedy
  5386 | D:4      | Reached XP level 8. HP: 30/50 MP: 0/0
  6115 | D:5      | Entered Level 5 of the Dungeon
  6131 | D:5      | Found a glowing drain.
  6140 | Sewer    | Entered a sewer
  7037 | D:5      | Reached skill level 7 in Spellcasting
  7567 | D:5      | Reached skill level 8 in Spellcasting
  7671 | D:5      | Reached XP level 9. HP: 44/55 MP: 0/0
  7671 | D:5      | Learned a level 3 spell: Tukima's Dance
  8229 | D:5      | Found a runed translucent door.
  8230 | D:5      | Noticed Crazy Yiuf
  8240 | D:5      | Killed Crazy Yiuf
  8534 | D:6      | Noticed Grinder
  8541 | D:6      | Killed Grinder
  8542 | D:6      | Reached skill level 9 in Spellcasting
  9540 | D:6      | Reached skill level 1 in Fighting
  9752 | D:6      | Reached skill level 1 in Polearms
  9756 | D:6      | Reached XP level 10. HP: 53/62 MP: 0/0
 10361 | D:7      | Reached skill level 10 in Spellcasting
 10453 | D:7      | Reached skill level 1 in Shields
 11297 | D:7      | Bought a scroll of identify for 34 gold pieces
 11297 | D:7      | Bought a scroll of immolation for 59 gold pieces
 11297 | D:7      | Bought a scroll of identify for 34 gold pieces
 11297 | D:7      | Bought a scroll of enchant armour for 127 gold pieces
 11511 | D:8      | Found a staircase to the Lair.
 12364 | D:9      | Found a staircase to the Orcish Mines.
 12407 | D:9      | Reached skill level 11 in Spellcasting
 12429 | D:9      | Reached XP level 11. HP: 45/68 MP: 0/0
 12429 | D:9      | Learned a level 5 spell: Lightning Bolt
 13180 | D:10     | Entered Level 10 of the Dungeon
 13299 | D:7      | Bought a scroll of acquirement for 884 gold pieces
 13299 | D:7      | Acquired a +0 helmet of see invisible
 13454 | D:10     | Found Ikhiavur's Antique Weapon Boutique.
 13751 | D:10     | Reached skill level 12 in Spellcasting
 13909 | D:11     | Found a frozen archway.
 13918 | IceCv    | Entered an ice cave
 14361 | IceCv    | Noticed a necromancer
 14372 | IceCv    | Killed from afar by a necromancer

Illustrated notes

Levels and vault maps discovered:
D:1:      lemuel_arrival_hallway, layout_rooms
D:2:      layout_basic, hex_tiny, minmay_increasing_density
D:3:      layout_rooms, doesnt_xom_only_xom, hellmonk_ghost_happy_afterlife,
          hellmonk_ecumenical_altar_lost_god, serial_park_tiny_2, uniq_sigmund,
          uniq_natasha
D:4:      layout_loops_ring, minmay_temple_entry_poolview,
          kennysheep_generic_room_13
D:5:      layout_basic, gup_sewer_entry_bubbles, enter_ossuary_4,
          uniq_crazy_yiuf_cottage
D:6:      kb_forest_paths, layout_basic, kennysheep_another_room, uniq_grinder
D:7:      layout_basic
D:8:      layout_loops_corners, erik_lair_island, minmay_misc_feat_room
D:9:      layout_basic, orc_0_dummy, special_room [special_room_orc],
          kennysheep_opposing_triangles
D:10:     layout_cave_pools, serial_shops, nicolae_shop_crystal,
          kennysheep_small_circle
D:11:     layout_basic, portal_ice_cave_demonic_guard, gammafunk_ghost_icy,
          hangedman_ranch
Temple:   kilobyte_greek_temple
IceCv:    ice_cave_tombish

Skill      XL: |  1  2  3  4  5  6  7  8  9 10 11 |
---------------+----------------------------------+-----
Spellcasting   | 3 4 5 6 8 9 11 12 | 12.6
Stealth        | 2 3 4 |  4.5
Fighting       | 1 2 |  2.1
Polearms       | 1 2 |  2.3
Shields        | 1 |  1.6
Dodging        | 3 |  3.5

Action                   |  1- 3 |  4- 6 |  7- 9 | 10-12 || total
-------------------------+-------+-------+-------+-------++-------
Melee: Spear             |       |       |    29 |    14 ||    43
 Cast: Foxfire           |    85 |   128 |   306 |   201 ||   720
       Sticky Flame      |       |     1 |    11 |    33 ||    45
       Fireball          |       |       |     1 |    62 ||    63
       Conjure Flame     |       |       |     1 |       ||     1
       Blink             |       |       |       |     2 ||     2
Invok: Call Merchant     |       |       |       |     1 ||     1
Evoke: Wand              |       |       |       |     1 ||     1
  Use: Scroll            |       |       |    10 |    11 ||    21
       Potion            |       |       |       |     1 ||     1
 Stab: Sleeping          |       |       |     1 |       ||     1
Armor: Robe              |     6 |       |    18 |    48 ||    72
Dodge: Dodged            |    19 |     6 |    37 |    64 ||   126
Block: Buckler           |       |       |     9 |    15 ||    24

Table legend: (Time is in decaauts)
 A = Elapsed time spent in this place.
 B = Non-inter-level travel time spent in this place.
 C = Inter-level travel time spent in this place.
 D = Time resting spent in this place.
 E = Time spent auto-exploring this place.
 F = Levels seen in this place.
 G = Mean time per level.
                   A        B        C        D        E       F      G
               +--------+--------+--------+--------+--------+-----+--------+
         Total |  14385 |  13799 |    586 |    639 |  11082 |  14 | 1027.5 |
       Dungeon |  12964 |  12424 |    540 |    443 |  10163 |  11 | 1178.5 |
        Temple |    303 |    257 |     46 |      0 |    241 |   1 |  303.0 |
         Sewer |    663 |    663 |      0 |      0 |    533 |   1 |  663.0 |
      Ice Cave |    454 |    454 |      0 |    196 |    145 |   1 |  454.0 |
               +--------+--------+--------+--------+--------+-----+--------+

Top non-repeatable levels by time:
     D:2: 1824 daAuts
     D:6: 1764 daAuts
     D:5: 1562 daAuts
     D:1: 1353 daAuts
     D:4: 1337 daAuts
     D:7: 1334 daAuts
     D:3: 1301 daAuts
     D:8: 995 daAuts
     D:9: 903 daAuts
   Sewer: 663 daAuts
    D:10: 490 daAuts
   IceCv: 454 daAuts
  Temple: 303 daAuts
    D:11: 96 daAuts
